 Dungeon Crawl Stone Soup version 0.29-a0-319-gad05b8d819 (webtiles) character file.

Game seed: 18314973112484738700

2 croobank the Sneak (level 1, -10/20 HPs)
             Began as a Deep Dwarf Delver on Apr 2, 2022.
             Killed from afar by a steam dragon (17 damage)
             ... with a ball of steam
             ... on level 8 of the Dungeon.
             The game lasted 00:02:05 (262 turns).

croobank the Sneak (Deep Dwarf Delver)               Turns: 262, Time: 00:02:05

Health: -10/20     AC:  3    Str: 15    XL:     1   Next: 33%
Magic:  0/0        EV: 12    Int: 10    God:
Gold:   0          SH:  0    Dex: 14    Spells: 0/0 levels left

rFire   . . .      SeeInvis .   a - +0 hand axe
rCold   . . .      Faith    .   (no shield)
rNeg    . . .      Spirit   .   b - +0 leather armour
rPois   .          Reflect  .   (no helmet)
rElec   .          Harm     .   (no cloak)
rCorr   .          Rampage  .   (no gloves)
Will    .....                   (no boots)
Stlth   +++.......              (no amulet)
HPRegen 0.00/turn               (no ring)
MPRegen 0.07/turn               (no ring)

@: hasted, very quick
A: damage resistance, heal wounds, sense surroundings 1, no regeneration
a: Heal Wounds


You were on level 8 of the Dungeon.
You visited 1 branch of the dungeon, and saw 4 of its levels.

Inventory:

Hand Weapons
 a - a +0 hand axe (weapon)
Armour
 b - a +0 leather armour (worn)
Wands
 g - a wand of digging (3)
Scrolls
 c - a scroll of fog
 d - a scroll of magic mapping
 e - a scroll of fear
 i - a scroll of torment {unknown}
Potions
 h - a potion of curing {unknown}
 j - a potion of heal wounds {unknown}
 k - 2 potions of invisibility {unknown}


   Skills:
 + Level 2.7 Fighting
 + Level 2.2 Axes
 + Level 2.2 Dodging
 + Level 6.0 Stealth


You couldn't memorise any spells.
You didn't know any spells.
Your spell library contained the following spells:

 Spells                   Type           Power      Damage    Failure   Level
 Animate Skeleton         Necr           0%         N/A       43%         1
 Pain                     Necr           0%         1d4       43%         1
 Call Canine Familiar     Summ           0%         N/A       80%         3
 Portal Projectile        Hex/Tloc       0%         N/A       80%         3
 Vampiric Draining        Necr           0%         2d6       80%         3
 Leda's Liquefaction      Hex/Erth       0%         N/A       99%         4


Dungeon Overview and Level Annotations

Branches:
Dungeon (8/15)
 Temple: D:4-7         Lair: D:8-11

Altars:


Innate Abilities, Weirdness & Mutations

You are resistant to damage.
You can heal yourself by infusing magical energy.
You passively map a small area around you.
You do not regenerate.


Message History

The kobold is severely wounded.
The kobold hits you with a +0 short sword. x2
You barely miss the kobold.
The kobold is severely wounded.
The kobold hits you with a +0 short sword.
You hit the kobold but do no damage.
The kobold is severely wounded.
The kobold hits you with a +0 short sword.
* * * LOW HITPOINT WARNING * * *
Your magical essence is drained by the effort!
You feel much better. The kobold closely misses you.
You hit the kobold.
You kill the kobold!
The kobold shouts! x3; You hear a shout!
The kobold brigand shouts!
The kobold throws a stone.
The stone barely misses you.
There is a stone staircase leading down here.
You climb downwards.
There is a stone staircase leading up here.
You open the door.
There is an open door here.
A white imp comes into view.
Found 14 gold pieces.
The white imp shouts, "Decamp, thou ducking boil-brained frater!"
The white imp gestures at you. The puff of frost misses you.
Found 2 murky cyan potions.
k - 2 murky cyan potions
There are no items here.
You feel yourself speed up. The white imp gestures at you.
The puff of frost hits you!
A steam dragon comes into view.
The steam dragon hisses angrily.
The steam dragon breathes steam at you. The ball of steam hits you!
The steam dragon breathes steam at you. The ball of steam hits you!!
Ouch! That really hurt!
You die...

* , , * * * ,
############## *
#............# *
*#.###@#######.##.# ,
........ยงยง..D....#
.#...##...#....#....#
...., #..##....##...#
, .#.,
#..#......#...# , #*
#.##..##..##.## **
#.#..####..#.# * * ,
#5#..####..#.# ## *
#+###.##..##..##.#


You could see a white imp (wandering).

Vanquished Creatures
  An orc (D:6)
  A kobold (D:7)
2 creatures vanquished.

Notes
Turn   | Place    | Note
-------+----------+-------------------------------------------
     0 | D:5      | croobank the Deep Dwarf Delver began the quest for the Orb.
     0 | D:5      | Reached XP level 1. HP: 20/20 MP: 1/1
    26 | D:6      | Noticed an ogre
    41 | D:6      | Noticed a black bear
    66 | D:7      | Noticed a bullfrog
    69 | D:7      | Noticed an orc priest
    70 | D:7      | Noticed an orc warrior
   102 | D:7      | Noticed a kobold brigand
   232 | D:8      | Noticed a steam dragon
   262 | D:8      | Killed from afar by a steam dragon

Illustrated notes

Levels and vault maps discovered:
D:5:      layout_loops_cross, dancing_weapons_uskayaw,
          minmay_temple_entry_stoned_glass
D:6:      layout_loops_ring
D:7:      minmay_the_grid_octo_tiled_octocenter
          [minmay_the_grid_octo_tetromino_candy, minmay_the_grid_octo_empty,
          minmay_the_grid_octo_odd_swirl, minmay_the_grid_octo_thin_diamonds,
          minmay_the_grid_octo_prize_star, minmay_the_grid_square_5x5_percent,
          minmay_the_grid_square_5x5_inner_z,
          minmay_the_grid_square_5x5_tri_point,
          minmay_the_grid_square_5x5_minibox], layout_basic,
          ebering_ghost_inner_flame
D:8:      layout_loops_corners, minmay_misc_feat_iff

Action                   || total
-------------------------++-------
Melee: Hand axe          ||    12
 Abil: Heal Wounds       ||     1
  Use: Potion            ||     1
Dodge: Dodged            ||     7

Table legend: (Time is in decaauts)
 A = Elapsed time spent in this place.
 B = Non-inter-level travel time spent in this place.
 C = Inter-level travel time spent in this place.
 D = Time resting spent in this place.
 E = Time spent auto-exploring this place.
 F = Levels seen in this place.
 G = Mean time per level.
                   A        B        C        D        E       F      G
               +--------+--------+--------+--------+--------+-----+--------+
         Total |    253 |    253 |      0 |      0 |     38 |   4 |   63.2 |
       Dungeon |    253 |    253 |      0 |      0 |     38 |   4 |   63.2 |
               +--------+--------+--------+--------+--------+-----+--------+

Top non-repeatable levels by time:
     D:7: 123 daAuts
     D:8: 74 daAuts
     D:6: 45 daAuts
     D:5: 10 daAuts
